 Dungeon Crawl Stone Soup version 0.31-a0-154-g56bf346678 (webtiles) character file.

Game seed: 8105210654219371975

1760 ryw the Fighter (level 8, -29/65 HPs)
             Began as a Demonspawn Monk on June 11, 2023.
             Was a Priest of Hepliaklqana.
             Annihilated by a very large slime creature (52 damage)
             ... on level 7 of the Dungeon.
             The game lasted 00:07:02 (4179 turns).

ryw the Fighter (Demonspawn Monk)                   Turns: 4179, Time: 00:07:03

Health: -29/65     AC:  9    Str: 13    XL:     8   Next: 79%
Magic:  8/8        EV: 10    Int: 12    God:    Hepliaklqana [***...]
Gold:   355        SH:  0    Dex: 19    Spells: 7/7 levels left

rFire   . . .        g - +5 hand axe of Uncertain Death {flame, rC+ Dex+3}
rCold   + . .        c - orb {light}
rNeg    . . .        a - +0 scale mail
rPois   .            (no helmet)
rElec   .            m - +0 cloak
rCorr   .            (no gloves)
SInv    .            (no boots)
Will    .....        (no amulet) Stlth
                     (no ring)
HPRegen 0.30/turn    (no ring)
MPRegen 0.11/turn

%: no passive effects
@: glowing
A: reduced essence, hooves 2, yellow scales 1, ignite blood 1, powered by death
1
a: Renounce Religion, Recall Ancestor, Ancestor Identity, Transference


You were on level 7 of the Dungeon.
You worshipped Hepliaklqana.
Hepliaklqana was most pleased with you.
You visited 1 branch of the dungeon, and saw 7 of its levels.

You collected 355 gold pieces.

Inventory:

Hand Weapons
 e - a +0 flail
 g - the +5 hand axe of Uncertain Death (weapon) {flame, rC+ Dex+3}
   (You found it on level 2 of the Dungeon)

   Dex:       It affects your dexterity (+3).
   rC:        It protects you from cold.
Missiles
 d - 9 boomerangs
 l - 8 poisoned darts (quivered)
Armour
 a - a +0 scale mail (worn)
 c - an orb of light (worn)
 m - a +0 cloak (worn)
Wands
 q - a wand of mindburst (10)
Scrolls
 h - 2 scrolls of blinking
 i - 3 scrolls of amnesia
 k - a scroll of teleportation {unknown}
 o - 3 scrolls of poison
 p - 3 scrolls of immolation
 r - a scroll of enchant weapon {unknown}
Potions
 b - a potion of brilliance {unknown}
 f - a potion of heal wounds {unknown}
 j - 4 potions of might
 n - a potion of degeneration {unknown}


   Skills:
 + Level 10.4 Fighting
 - Level 3.0 Axes
 - Level 3.0 Armour
 - Level 3.0 Dodging
 - Level 3.0 Unarmed Combat


You had 7 spell levels left.
You didn't know any spells.
Your spell library contained the following spells:

 Spells                   Type           Power      Damage    Failure   Level
 Magic Dart               Conj           0%         1d3       83%         1
 Shock                    Conj/Air       0%         1d3       83%         1
 Ensorcelled Hibernation  Hex/Ice        0%         N/A       92%         2
 Passwall                 Tmut/Erth      0%         N/A       92%         2
 Searing Ray              Conj           0%         2d4       92%         2
 Inner Flame              Hex/Fire       0%         N/A       99%         3
 Swiftness                Air            0%         N/A       99%         3
 Airstrike                Air            0%         2d(0-16)  100%        4
 Flame Wave               Conj/Fire      0%         2d4       100%        4
 Fulminant Prism          Conj/Hex       0%         3d5       100%        4
 Sticky Flame             Conj/Fire      0%         2d3       100%        4
 Borgnjor's Revivificati  Necr           0%         N/A       100%        8
 Necromutation            Tmut/Necr      0%         N/A       100%        8
 Death's Door             Necr           0%         N/A       100%        9


Dungeon Overview and Level Annotations

Branches:
Dungeon (7/15)             Temple (0/1) D:6

Altars:
Ashenzari
Gozag
Hepliaklqana
Nemelex Xobeh
Sif Muna

Shops:
D:6 (


Innate Abilities, Weirdness & Mutations

Your life essence is reduced to manifest your ancestor. (-10% HP)
You have hoof-like feet.
You are partially covered in yellow scales. (AC +2)
Your demonic aura sometimes causes spilled blood to erupt in flames.
You regenerate a little health from kills.


Message History

Two slime creatures merge to form a large slime creature.
A slime creature comes into view.
The slime creature quivers.
The slime creature moves out of view.
You hit the large slime creature. You burn the large slime creature.
You kick the large slime creature.
The large slime creature is lightly wounded.
The large slime creature hits you.
You hit the large slime creature. You burn the large slime creature.
The large slime creature is lightly wounded.
The large slime creature closely misses you.
You hit the large slime creature. You burn the large slime creature.
You kick the large slime creature.
The large slime creature is lightly wounded.
The large slime creature misses you.
You slash the large slime creature! You burn the large slime creature.
You kick the large slime creature.
The large slime creature is moderately wounded.
Two slime creatures merge to form a very large slime creature.
You slash the very large slime creature!
You burn the very large slime creature. You kick the very large slime creature.
The very large slime creature is moderately wounded.
You slash the very large slime creature!
You burn the very large slime creature. You kick the very large slime creature.
The very large slime creature is moderately wounded.
The very large slime creature hits you! x2
You hit the very large slime creature. You burn the very large slime creature.
You kick the very large slime creature.
The very large slime creature is heavily wounded.
The very large slime creature closely misses you.
You slash the very large slime creature!
You burn the very large slime creature.
The very large slime creature is heavily wounded.
The very large slime creature hits you!!
You slash the very large slime creature!
You burn the very large slime creature. You kick the very large slime creature.
The very large slime creature is heavily wounded.
The very large slime creature hits you!!!
Ouch! That really hurt!
You die...

#. #...#######
#....J@R..#
##########.#
#..........#
#.#####...)#
#.#.. #....#
#.#.# #..###.
####.#.#+#..#...
#..#.#........#
#..#.#..<.....#


You could see the friendly Agathocles the hexer and a very large slime creature
(ally target).

Vanquished Creatures
  Pikel (D:5)
  2 water moccasins (D:5)
  2 ogres
  3 scorpions
  An orc priest (D:4)
  Crazy Yiuf (D:4)
  2 gnoll boudas (D:6)
  A jelly (D:6)
  2 sleepcaps
  2 iguanas
  Terence (D:3)
  11 gnolls
  12 adders
  An ufetubus (D:4)
  A worm (D:4)
  A dart slug (D:2)
  11 orcs
  3 ball pythons
  7 bats
  3 endoplasms
  A giant cockroach (D:1)
  5 goblins
  4 hobgoblins
  3 kobolds
  3 quokkas
  7 frilled lizards
  4 rats
95 creatures vanquished.

Vanquished Creatures (collateral kills)
  A centaur (D:5)
  A scorpion (D:4)
  A sleepcap (D:5)
  An orc wizard (D:6)
  An adder (D:4)
  A gnoll (D:6)
6 creatures vanquished.

Grand Total: 101 creatures vanquished

Notes
Turn   | Place    | Note
-------+----------+-------------------------------------------
     0 | D:1      | ryw the Demonspawn Monk began the quest for the Orb.
     0 | D:1      | Reached XP level 1. HP: 18/18 MP: 1/1
   200 | D:1      | Gained mutation: You are partially covered in yellow
                  | scales. (AC +2) [demonic ancestry]
   200 | D:1      | Reached XP level 2. HP: 20/24 MP: 2/2
   257 | D:1      | You fall into a shaft and drop 1 floor!
   257 | D:2      | Found a broken altar of Ashenzari.
   371 | D:2      | Identified the +5 hand axe of Uncertain Death {flame, rC+
                  | Dex+3}
   471 | D:2      | Gained mutation: You have large cloven feet. [demonic
                  | ancestry]
   471 | D:2      | Reached XP level 3. HP: 29/29 MP: 3/3
   727 | D:2      | Reached skill level 1 in Axes
   727 | D:2      | Reached skill level 1 in Armour
  1024 | D:1      | Reached XP level 4. HP: 36/37 MP: 4/4
  1275 | D:3      | Noticed Terence
  1284 | D:3      | Killed Terence
  1285 | D:3      | Reached skill level 4 in Fighting
  1861 | D:4      | Noticed a scorpion
  1866 | D:4      | Killed a scorpion
  1867 | D:4      | Reached XP level 5. HP: 40/43 MP: 5/5
  1984 | D:4      | Found a hazy altar of Hepliaklqana.
  1997 | D:4      | Became a worshipper of Hepliaklqana the Forgotten
  1997 | D:4      | Reached * piety under Hepliaklqana
  1997 | D:4      | Reached ** piety under Hepliaklqana
  1998 | D:4      | Remembered your ancestor Agathocles as a hexer
  2090 | D:4      | Found a runed translucent door.
  2091 | D:4      | Noticed Crazy Yiuf
  2123 | D:4      | Gained mutation: Your demonic aura sometimes causes spilled
                  | blood to erupt in flames. [demonic ancestry]
  2123 | D:4      | Reached XP level 6. HP: 44/44 MP: 6/6
  2342 | D:4      | Found a shimmering blue altar of Sif Muna.
  2412 | D:4      | Killed Crazy Yiuf
  2490 | D:5      | Entered Level 5 of the Dungeon
  2500 | D:5      | Reached skill level 5 in Fighting
  2586 | D:5      | Noticed a water moccasin
  2589 | D:5      | Killed a water moccasin
  2644 | D:5      | Noticed a water moccasin
  2653 | D:5      | Gained mutation: You have hoof-like feet. [demonic
                  | ancestry]
  2653 | D:5      | Reached XP level 7. HP: 12/51 MP: 7/7
  2654 | D:5      | Reached skill level 6 in Fighting
  2938 | D:5      | Noticed Pikel
  2947 | D:5      | Killed Pikel
  2948 | D:5      | Reached skill level 8 in Fighting
  2948 | D:5      | Gained mutation: You regenerate a little health from kills.
                  | [demonic ancestry]
  2948 | D:5      | Reached XP level 8. HP: 43/62 MP: 8/8
  3073 | D:5      | Reached *** piety under Hepliaklqana
  3084 | D:5      | Reached skill level 9 in Fighting
  3312 | D:6      | Found a staircase to the Ecumenical Temple.
  3491 | D:6      | Reached skill level 10 in Fighting
  3575 | D:6      | Found a sparkling altar of Nemelex Xobeh.
  3576 | D:6      | Found an opulent altar of Gozag.
  3882 | D:6      | Found Ysou's Weapon Shop.
  4167 | D:7      | Noticed a slime creature
  4167 | D:7      | Noticed a slime creature
  4170 | D:7      | Noticed a slime creature
  4179 | D:7      | Annihilated by a very large slime creature

Illustrated notes

Levels and vault maps discovered:
D:1:      spicycebolla_arrival_clurvy, layout_rooms
D:2:      minmay_spotlight, layout_basic, basic_altar
D:3:      layout_loops_cross, uniq_terence
D:4:      layout_cave_pools, mainiacjoe_overflow_large_starburst,
          serial_column_ruins, column_ruins_hut, column_ruins_hut,
          column_ruins_open_large, column_ruins_columns_dead_end,
          column_ruins_columns_water, column_ruins_open_tiny,
          grunt_decor_resistance, uniq_crazy_yiuf_cottage
D:5:      layout_cave_pools, uniq_pikel
D:6:      layout_basic, grunt_temple_overflow_opulence,
          minmay_temple_entry_offerings, serial_shops,
          nicolae_shop_pleasant_corner_grove
D:7:      layout_basic, mainiacjoe_overflow_surrounded_room

Skill      XL: |  1  2  3  4  5  6  7  8 |
---------------+-------------------------+-----
Unarmed Combat | 3 |  3.0
Dodging        | 3 |  3.0
Axes           | 1 2 3 |  3.0
Armour         | 1 2 3 |  3.0
Fighting       | 4 5 8 10 | 10.4

Action                     |  1- 3 |  4- 6 |  7- 9 || total
---------------------------+-------+-------+-------++-------
  Melee: Unarmed           |    41 |       |       ||    41
         Hand axe          |    29 |    64 |    79 ||   172
         Kick              |     1 |    18 |    35 ||    54
 Invoke: Ancestor Life: He |       |     1 |       ||     1
    Use: Potion            |       |     4 |       ||     4
         Scroll            |       |       |     4 ||     4
   Stab: Confused          |       |     2 |     6 ||     8
         Distracted        |       |       |     1 ||     1
 Armour: Robe              |    17 |       |       ||    17
         Scale mail        |    14 |    25 |    24 ||    63
         Chain mail        |     2 |       |       ||     2
  Dodge: Dodged            |    34 |    41 |    21 ||    96

Table legend: (Time is in decaauts)
 A = Elapsed time spent in this place.
 B = Non-inter-level travel time spent in this place.
 C = Inter-level travel time spent in this place.
 D = Time resting spent in this place.
 E = Time spent auto-exploring this place.
 F = Levels seen in this place.
 G = Mean time per level.
                   A        B        C        D        E       F      G
               +--------+--------+--------+--------+--------+-----+--------+
         Total |   4196 |   4065 |    131 |    162 |   3221 |   7 |  599.4 |
       Dungeon |   4196 |   4065 |    131 |    162 |   3221 |   7 |  599.4 |
               +--------+--------+--------+--------+--------+-----+--------+

Top non-repeatable levels by time:
     D:5: 812 daAuts
     D:6: 811 daAuts
     D:4: 675 daAuts
     D:2: 670 daAuts
     D:3: 626 daAuts
     D:1: 536 daAuts
     D:7: 63 daAuts
